 Dungeon Crawl Stone Soup version 0.20.1-1-g8b1a95d (webtiles) character file.

195674 Gremour the Severer (level 18, -5/156 HPs)
             Began as a Hill Orc Monk on Jan 1, 2018.
             Was the Champion of Beogh.
             Killed by angry trees
             ... awakened by a spriggan druid
              (16 damage)
             ... on level 4 of the Swamp.
             The game lasted 03:21:57 (31927 turns).

Gremour the Severer (Hill Orc Monk)                Turns: 31927, Time: 03:21:58

Health: -5/156     AC: 30    Str: 17    XL:     18   Next: 34%
Magic:  28/28      EV: 12    Int: 13    God:    Beogh [******]
Gold:   1990       SH: 19    Dex: 19    Spells: 28/31 levels left

rFire    + . .     SeeInvis +   a - +3 broad axe "Raghupsi" {chop, Int+6}
rCold    + + +     Gourm    .   c - +0 shield
rNeg     + + .     Faith    +   C - +5 ring mail {MR+}
rPois    .         Spirit   .   b - +2 hat
rElec    .         Reflect  .   U - +1 cloak
rCorr    .         Harm     .   f - +0 pair of gloves
MR       ++...                  M - +2 pair of boots {Fly}
Stlth    +.........             Y - amulet of Walotula {Faith *Drain rC+++ rN++ Int-4}
Regen    0.8/turn               D - ring of protection from fire
MPRegen  0.3/turn               y - ring of Robustness {AC+8}

@: flying, hasted, very quick
A: walk on water, large bone plates 1, see invisible, agile 1, regeneration 1
}: 1/15 runes: serpentine
a: Smiting, Recall Orcish Followers, Give Item to Named Follower, Resurrection,
Renounce Religion, Stop Flying


You were on level 4 of the Swamp.
You worshipped Beogh.
Beogh was exalted by your worship.
You were hungry.

You visited 6 branches of the dungeon, and saw 32 of its levels.
You visited 1 bazaar.
You also visited: Sewer, Ice Cave and Volcano.

You collected 3912 gold pieces.
You spent 1922 gold pieces at shops.

Inventory:

Hand Weapons
 a - the +3 broad axe "Raghupsi" (weapon) {chop, Int+6}
   (You bought it in a shop on level 2 of the Orcish Mines)

   It inflicts extra damage upon your enemies.
   It affects your intelligence (+6).
Armour
 b - a +2 hat (worn)
 c - a +0 shield (worn)
 f - a +0 pair of gloves (worn)
 k - a +0 chain mail of magic resistance
 C - a +5 ring mail of magic resistance (worn)
 G - a +1 plate armour
 H - a +3 scale mail of fire resistance
 M - a +2 pair of boots of flying (worn)
 U - a +1 cloak (worn)
Jewellery
 j - the macabre finger necklace {rN+}
   (You found it on level 7 of the Dungeon)

   [amulet of nothing]

   It protects you from negative energy.
 y - the ring of Robustness (right hand) {AC+8}
   (You took it off a gnoll sergeant on level 7 of the Dungeon)

   [ring of protection]

   It affects your AC (+8).
 D - a ring of protection from fire (left hand)
 I - an uncursed ring of protection from magic
 L - an uncursed ring of protection from cold
 Y - the amulet of Walotula (around neck) {Faith *Drain rC+++ rN++ Int-4}
   (You bought it in a shop in a bazaar)

   [amulet of faith]

   It allows you to gain divine favour quickly.
   It affects your intelligence (-4).
   It renders you almost immune to cold.
   It greatly protects you from negative energy.
   It causes draining when unequipped.
Wands
 l - a wand of scattershot (3/9)
 m - a wand of acid (4/15)
 p - a wand of lightning (15/15)
 s - a wand of disintegration (18/24)
 w - a wand of polymorph (15/24)
 S - a wand of iceblast (3/15)
 T - a wand of digging (23/24)
Scrolls
 i - 6 scrolls of identify
 q - 12 scrolls of fear
 r - 5 scrolls of blinking
 v - 14 scrolls of teleportation
 x - a scroll of summoning
 E - 4 scrolls of magic mapping
 K - 3 scrolls of random uselessness {unknown}
 N - 2 scrolls of vulnerability
 O - a scroll of silence {unknown}
 P - 6 scrolls of remove curse
 V - a scroll of recharging
 W - a scroll of enchant armour
Potions
 d - a potion of cancellation
 h - a potion of magic
 n - 2 potions of berserk rage
 t - a potion of resistance {unknown}
 u - 3 potions of curing
 z - 6 potions of agility
 Q - 4 potions of might
 R - 5 potions of haste
 X - 2 potions of mutation {unknown}
Books
 Z - a book of Clouds

   Spells                             Type                      Level
   a - Poisonous Vapours              Poison/Air                   2
   b - Mephitic Cloud                 Conjuration/Poison/Air       3
   c - Conjure Flame                  Conjuration/Fire             3
   d - Freezing Cloud                 Conjuration/Ice/Air          6
   e - Ring of Flames                 Charms/Fire                  7
Miscellaneous
 J - a fan of gales
Comestibles
 o - 12 royal jellies
 A - 15 fruits
 B - 7 meat rations
 F - 17 bread rations


   Skills:
 + Level 12.8 Fighting
 - Level 18.7 Axes
 + Level 11.1 Armour
 - Level 2.4 Dodging
 - Level 1.5 Stealth
 + Level 17.6 Shields
 * Level 7.1 Spellcasting
 + Level 3.1 Charms
 * Level 9.4 Necromancy
 - Level 10.1 Invocations
 * Level 8.6 Evocations


You had 28 spell levels left.
You knew the following spells:

 Your Spells              Type           Power        Failure   Level  Hunger
r - Regeneration          Chrm/Necr      ###.......   5%          3    ##.....


Dungeon Overview and Level Annotations

Branches:
Dungeon (15/15)            Temple (1/1) D:5            Lair (6/6) D:10
  Swamp (4/4) Lair:4        Snake (4/4) Lair:4        Slime (0/5) Lair:5
    Orc (2/2) D:10            Elf (0/3) Orc:2        Vaults (0/5) D:13
 Depths (0/5) D:15

Altars:
Ashenzari
Cheibriados
Dithmenos
Elyvilon
Fedhas
Gozag
Hepliaklqana
Kikubaaqudgha
Makhleb
Nemelex Xobeh
Okawaru
Qazlal
Ru
Sif Muna
Trog
Uskayaw
Vehumet
Xom
Yredelemnul
Zin
The Shining One
Beogh

Shops:
D:14 :   D:15 !}   Orc:2 =[*(   Snake:1 =}=

Annotations:
Orc:2 Nergalle


Innate Abilities, Weirdness & Mutations

You can walk on water.
You are partially covered in large bone plates. (SH +4)
You have supernaturally acute eyesight. (SInv)
You are agile. (Dex +2)
Your natural rate of healing is unusually fast.


Message History

The alligator tail-slaps you but does no damage.
The spriggan druid mumbles some strange words.
The spriggan druid is healed somewhat.
You feel yourself speed up. A root smacks you from below.
* * * LOW HITPOINT WARNING * * *
A tree reaches out and hits Borgk!
A tree reaches out and hits Beowulf!
Beowulf looks more healthy.
You block the alligator's attack. x2; The swamp dragon barely misses you.
The swamp dragon claws you but does no damage.
You block the swamp dragon's attack. The spriggan druid misses you.
You feel better. You block the alligator's attack.
The alligator tail-slaps you but does no damage.
The swamp dragon bites you!
* * * LOW HITPOINT WARNING * * *
You block the swamp dragon's attack. x2
Borgk completely misses the spriggan druid.
Unknown command.
Unknown command.
You feel better. A tree reaches out and hits you!
You die...

o≈≈≈≈.....≈≈≈≈≈≈.≈..≈≈≈≈≈.≈♣♣
≈≈≈≈≈≈≈§..≈≈≈≈≈≈.♣♣≈≈≈≈.§..♣
≈≈≈≈≈≈§..≈≈≈≈≈≈≈≈♣♣..≈≈....≈♣
≈≈..≈≈≈..§≈≈≈≈≈..♣♣≈♣♣♣≈≈§.♣♣
≈.≈≈≈≈≈.≈≈≈≈≈≈..≈.♣♣♣ ♣♣...♣
♣.≈≈≈≈≈.≈≈≈≈≈≈...≈.♣♣♣♣≈≈≈≈♣
♣.≈≈≈.≈†.≈..§≈§..≈≈≈≈≈..≈≈.♣
♣♣≈.≈..♣♣♣...♣≈♣t♣≈≈≈≈.≈
♣♣♣.§...♣.§.†oo@i..≈..≈
♣♣≈≈.(†§≈≈≈##D##≈≈≈.§
♣♣♣♣.♣.≈♣##DDD# §.. ♣♣♣w≈#
..Dk.# ≈ ♣.≈♣#.......#
♣.♣##.......# ≈≈ .........
♣≈♣ #.........#


You could see an alligator, an eight-headed hydra, a seven-headed hydra, 2
six-headed hydras, a swamp dragon, a spriggan druid, a swamp drake, the friendly
Borgk the orc warlord and the friendly Beowulf the orc knight.

Vanquished Creatures
  Kirke (Swamp:3)
  2 thorn hunters (Swamp:2)
  A nagaraja (Snake:4)
  Nessos (D:12)
  2 blizzard demons (IceCv)
  Erolcha (D:9)
  A vault guard (D:13)
  3 hydras
  2 naga warriors
  A centaur warrior (D:15)
  7 alligators
  3 anacondas
  3 two-headed ogres
  3 tengu warriors
  2 naga sharpshooters
  Urug (Lair:5)
  A shock serpent (Snake:2)
  2 sea snakes (Snake:4)
  A skeletal warrior (D:13)
  A naga ritualist (Snake:3)
  An unseen horror (D:11)
  3 swamp dragons
  Pikel (D:8)
  A necromancer (D:15)
  An ugly thing (D:13)
  A mana viper (Snake:4)
  The ghost of xight the Thaumaturge, a novice DEFE of Vehumet (D:6)
  An oklob plant (Lair:2)
  An orc sorcerer (Orc:2)
  A deep elf mage (D:15)
  6 salamanders
  An elephant (Lair:3)
  2 guardian serpents (Snake:4)
  An ice statue (IceCv)
  A molten gargoyle (Lair:6)
  11 black mambas
  3 naga magi
  A gargoyle (D:11)
  7 spiny frogs
  A yaktaur (D:10)
  3 ice devils (IceCv)
  3 anaconda simulacra (IceCv)
  5 komodo dragons
  An elf skeleton (D:15)
  2 freezing wraiths
  3 trolls
  2 tyrant leeches
  7 hornets
  Grinder (D:4)
  11 slime creatures
  A wolf spider simulacrum (IceCv)
  5 bog bodies
  A meliai zombie (D:10)
  4 hippogriffs
  A shadow (Swamp:2)
  3 spriggans
  3 basilisks
  17 yaks
  5 hogs
  2 dire elephant simulacra (IceCv)
  3 wyverns
  2 hungry ghosts (D:7)
  A steam dragon (Lair:6)
  A human (D:7)
  A fire bat (Volcano)
  3 two-headed ogre zombies (D:12)
  3 wargs
  A death yak simulacrum (IceCv)
  6 vampire mosquitoes
  9 swamp worms
  22 nagas
  2 harpy simulacra (IceCv)
  5 insubstantial wisps (Swamp:3)
  2 iron troll simulacra (IceCv)
  A soldier ant (D:14)
  3 water moccasins
  3 porcupines
  3 hydra simulacra (IceCv)
  4 swamp drakes
  7 hell hounds
  2 ettin simulacra (IceCv)
  3 orc warriors
  4 ice beasts
  A slave (D:8)
  An alligator simulacrum (IceCv)
  3 black bears
  3 sky beasts
  12 ogres
  A phantom (D:4)
  9 centaurs
  4 wolves (Lair:4)
  4 crocodiles
  3 big kobolds
  A gnoll sergeant (D:7)
  21 bullfrogs
  A wyvern zombie (D:10)
  2 scorpions
  9 killer bees
  2 wights (D:9)
  4 howler monkeys
  3 bullfrog zombies
  2 crimson imps
  2 lava snakes
  2 draconian simulacra (IceCv)
  8 orc priests
  A jelly (Lair:5)
  3 centaur skeletons
  A hound (D:14)
  An iguana (D:11)
  9 orc wizards
  5 worker ants
  5 troll simulacra (IceCv)
  A polar bear simulacrum (IceCv)
  5 centaur simulacra (IceCv)
  A hound zombie (D:6)
  2 worker ant zombies
  4 gnolls (D:7)
  2 naga simulacra (IceCv)
  3 ogre simulacra (IceCv)
  4 river rats
  18 adders
  2 shadow imps
  5 white imps (IceCv)
  3 ufetubi (IceCv)
  6 oozes
  An adder zombie (D:5)
  An adder skeleton (D:5)
  6 worms
  2 dart slugs
  4 leopard geckos
  19 orcs
  4 giant cockroaches
  8 goblins
  4 hobgoblins
  9 jackals
  24 kobolds
  3 quokkas
  7 ball pythons
  7 bats
  A frilled lizard (D:2)
  A jackal zombie (D:8)
  A quokka skeleton (D:4)
  12 rats
  3 briar patches
  A bush (Lair:2)
  3 fungi
  A plant (Lair:3)
557 creatures vanquished.

Vanquished Creatures (collateral kills)
  2 thorn hunters
  Donald (Swamp:3)
  3 nagarajas (Snake:4)
  The ghost of Dandorama the Severer, a journeyman MiBe of Trog (Lair:2)
  The ghost of Gremour the Severer, a journeyman HOMo of Beogh (D:14)
  A fire dragon (Lair:6)
  3 vault guards (D:13)
  16 naga warriors
  22 hydras
  14 anacondas
  A centaur warrior (D:13)
  5 alligators
  An ogre mage (D:15)
  7 two-headed ogres
  2 orc high priests (Orc:2)
  5 shock serpents
  8 naga sharpshooters
  Sonja (D:10)
  2 spriggans (Swamp:1)
  4 skeletal warriors
  A spark wasp zombie (D:15)
  6 sea snakes (Snake:4)
  4 salamander mystics
  3 unseen horrors
  3 shambling mangroves
  4 naga ritualists
  7 swamp dragons
  A phantasmal warrior (D:15)
  An orc knight (Orc:2)
  A lindwurm (Lair:6)
  5 mana vipers
  An orc sorcerer (Orc:2)
  2 ugly things (D:13)
  4 salamanders
  5 cyclopes
  Maurice (D:10)
  4 elephants (Lair:3)
  9 guardian serpents
  24 black mambas
  6 spiny frogs
  13 naga magi
  A stone giant skeleton (D:15)
  A molten gargoyle (Lair:6)
  2 kobold demonologists
  A gargoyle (D:11)
  A yaktaur zombie (D:15)
  2 freezing wraiths (D:15)
  5 komodo dragons
  A tengu conjurer (D:14)
  2 rime drakes (Lair:5)
  An ice devil (IceCv)
  5 trolls
  5 tyrant leeches
  A wolf spider simulacrum (IceCv)
  7 hornets
  6 blink frogs
  7 hippogriffs
  Prince Ribbit (D:9)
  6 dream sheep (Lair:6)
  A bog body (Swamp:4)
  12 slime creatures
  7 wyverns
  36 yaks
  A wraith (D:14)
  3 fire elementals (D:15)
  4 hogs
  2 hungry ghosts
  4 basilisks
  An iron troll simulacrum (IceCv)
  12 two-headed ogre zombies (D:12)
  8 vampire mosquitoes
  4 insubstantial wisps (Swamp:3)
  An acid dragon (D:14)
  49 nagas
  6 swamp worms
  13 water moccasins
  A warg (Orc:2)
  5 hell hounds
  A soldier ant (D:15)
  5 porcupines
  10 swamp drakes
  A hornet zombie (D:13)
  12 orc warriors
  3 slaves (D:8)
  2 ice beasts
  A necrophage (D:12)
  6 wolves
  2 ogres
  4 centaurs
  10 crocodiles
  A big kobold (D:10)
  6 bullfrogs
  2 scorpions
  3 killer bees (D:11)
  4 wights
  An electric eel (Lair:1)
  A howler monkey (D:13)
  3 lava snakes (Lair:6)
  A crimson imp (D:9)
  12 jellies
  8 orc priests
  3 hounds
  8 orc wizards
  A bullfrog skeleton (D:13)
  3 iguanas
  2 hell rats (Lair:6)
  A polar bear simulacrum (IceCv)
  A troll simulacrum (IceCv)
  2 worker ants
  A worker ant zombie (D:11)
  A naga simulacrum (IceCv)
  An adder (D:12)
  8 river rats
  2 shadow imps
  2 oozes (Lair:5)
  2 leopard geckos
  7 orcs
  A giant cockroach (D:8)
  3 jackals (D:8)
  2 quokkas
  5 kobolds
  A rat (Lair:6)
  3 briar patches (Swamp:3)
  3 bushes
  18 fungi
  26 plants
  A withered plant (D:15)
637 creatures vanquished.

Vanquished Creatures (others)
  3 orc warlords
  11 orc knights
  Nergalle (Orc:2)
  An orc sorcerer (Orc:2)
  14 orc priests
  14 orc warriors
  56 orcs
  21 orc wizards
  A white imp (IceCv)
  2 ufetubi (IceCv)
  8 briar patches
  A fungus (Lair:3)
  A plant (Lair:1)
  10 toadstools (Swamp:2)
144 creatures vanquished.

Grand Total: 1338 creatures vanquished

Notes
Turn   | Place    | Note
-------+----------+-------------------------------------------
     0 | D:1      | Gremour the Hill Orc Monk began the quest for the Orb.
     0 | D:1      | Reached XP level 1. HP: 19/19 MP: 1/1
   389 | D:1      | Reached XP level 2. HP: 22/26 MP: 2/2
   499 | D:1      | Reached skill level 5 in Axes
   816 | D:2      | Reached XP level 3. HP: 27/31 MP: 3/3
  1298 | D:2      | Reached skill level 6 in Axes
  1403 | D:2      | Reached XP level 4. HP: 37/39 MP: 4/4
  1447 | D:2      | Found an iron altar of Okawaru.
  1565 | D:2      | Found a shattered altar of Ashenzari.
  1864 | D:3      | Found a glowing silver altar of Zin.
  1864 | D:3      | Found a hide-covered altar of Uskayaw.
  1931 | D:3      | Noticed an ice beast
  1941 | D:3      | Killed an ice beast
  1941 | D:3      | Reached skill level 8 in Axes
  1941 | D:3      | Reached XP level 5. HP: 13/45 MP: 5/5
  2611 | D:3      | Found a radiant altar of Vehumet.
  2722 | D:3      | Reached XP level 6. HP: 41/51 MP: 6/6
  3060 | D:4      | Became a worshipper of Beogh the Brigand
  3060 | D:4      | Reached * piety under Beogh
  3060 | D:4      | Reached ** piety under Beogh
  3225 | D:4      | Found a snail-covered altar of Cheibriados.
  3412 | D:4      | Reached skill level 9 in Axes
  3632 | D:4      | Found a blossoming altar of Fedhas.
  3745 | D:4      | Found a shadowy altar of Dithmenos.
  3745 | D:4      | Noticed a phantom
  3792 | D:4      | Killed a phantom
  4180 | D:5      | Entered Level 5 of the Dungeon
  4184 | D:5      | Found a staircase to the Ecumenical Temple.
  4194 | Temple   | Entered the Ecumenical Temple
  4356 | D:5      | Reached skill level 10 in Axes
  4356 | D:5      | Reached XP level 7. HP: 39/57 MP: 7/7
  4652 | D:5      | Noticed Grinder
  4655 | D:5      | Paralysed by Grinder for 7 turns
  4669 | D:5      | Paralysed by Grinder for 6 turns
  4718 | D:5      | Paralysed by Grinder for 4 turns
  4862 | D:5      | Paralysed by Grinder for 3 turns
  4883 | D:5      | Paralysed by Grinder for 2 turns
  4898 | D:4      | Killed Grinder
  4898 | D:4      | Reached skill level 11 in Axes
  5214 | D:5      | Reached XP level 8. HP: 50/64 MP: 8/8
  5429 | D:5      | Found a deep blue altar of Sif Muna.
  5513 | D:5      | Reached skill level 12 in Axes
  5517 | D:5      | Gained mutation: You have supernaturally acute eyesight. (SInv) [mutagenic meat]
  5518 | D:5      | Gained mutation: You are agile. (Dex +2) [mutagenic meat]
  5519 | D:5      | Gained mutation: Your natural rate of healing is unusually fast. [mutagenic meat]
  5520 | D:5      | Gained mutation: You are partially covered in large bone plates. (SH +4) [mutagenic meat]
  5833 | D:5      | Got a faintly humming scale mail
  5847 | D:5      | Identified the cursed +1 scale mail of the Unseen Realm {Stlth+} (You found it on level 5 of the Dungeon)
  6017 | D:6      | Reached skill level 13 in Axes
  6148 | D:6      | Found a glowing drain.
  6176 | Sewer    | Entered a sewer
  6184 | Sewer    | Reached *** piety under Beogh
  6531 | Sewer    | Reached skill level 14 in Axes
  6970 | D:6      | Found a sparkling altar of Nemelex Xobeh.
  7036 | D:6      | Reached XP level 9. HP: 50/70 MP: 9/9
  7352 | D:6      | Noticed xight's ghost (novice DEFE)
  7385 | D:6      | Killed xight's ghost
  7385 | D:6      | Reached skill level 15 in Axes
  7685 | D:7      | Found a sacrificial altar of Ru.
  7842 | D:7      | Found a sacrificial altar of Ru.
  7967 | D:7      | Reached skill level 16 in Axes
  8035 | D:7      | Found a burning altar of Makhleb.
  8197 | D:7      | Reached **** piety under Beogh
  8208 | D:7      | Reached XP level 10. HP: 52/77 MP: 10/10
  8254 | D:7      | Reached skill level 17 in Axes
  8490 | D:7      | Gained Ugbert as an ally
  8737 | D:8      | Noticed a two-headed ogre
  8744 | D:8      | Killed a two-headed ogre
  8744 | D:8      | Reached skill level 18 in Axes
  8767 | D:8      | Noticed Pikel
  8777 | D:8      | Paralysed by Pikel for 2 turns
  8781 | D:8      | Killed Pikel
  8850 | D:8      | Found a white marble altar of Elyvilon.
  9345 | D:9      | Reached skill level 1 in Armour
  9345 | D:9      | Reached skill level 1 in Invocations
  9421 | D:9      | Reached skill level 1 in Shields
  9483 | D:9      | Noticed Prince Ribbit
  9500 | D:9      | Killed Prince Ribbit
  9509 | D:9      | Noticed a two-headed ogre
  9522 | D:9      | Killed a two-headed ogre
  9522 | D:9      | Reached XP level 11. HP: 82/82 MP: 11/13
  9875 | D:9      | Noticed Erolcha
  9887 | D:9      | Killed Erolcha
 10191 | D:9      | Reached skill level 5 in Invocations
 10309 | D:10     | Entered Level 10 of the Dungeon
 10332 | D:10     | Found a staircase to the Orcish Mines.
 10384 | D:10     | Reached ***** piety under Beogh
 10540 | D:10     | Noticed a two-headed ogre
 10551 | D:10     | Killed a two-headed ogre
 10551 | D:10     | Reached skill level 5 in Armour
 10749 | D:10     | Noticed Sonja
 10949 | D:10     | Killed Sonja
 11077 | D:10     | Reached skill level 5 in Shields
 11090 | D:10     | Gained Borgk as an ally
 11099 | D:10     | Noticed Maurice
 11111 | D:10     | Killed Maurice
 11137 | D:10     | Found a hide-covered altar of Uskayaw.
 11285 | D:10     | Found a staircase to the Lair.
 11353 | D:10     | Found a roughly hewn altar of Beogh.
 12056 | D:11     | Noticed an eight-headed hydra
 12066 | D:11     | Killed a 12-headed hydra
 12133 | D:11     | Noticed a two-headed ogre
 12135 | D:11     | Noticed an unseen horror
 12145 | D:11     | Killed a two-headed ogre
 12149 | D:11     | Killed an unseen horror
 12149 | D:11     | Reached XP level 12. HP: 56/90 MP: 17/17
 12380 | D:11     | Gained Ogrik as an ally
 12421 | D:11     | Noticed a two-headed ogre
 12429 | D:11     | Killed a two-headed ogre
 12601 | D:12     | Gained Ognian as an ally
 12729 | D:12     | Noticed Nessos
 12742 | D:12     | Killed Nessos
 13124 | D:12     | Gained Milork as an ally
 13524 | D:12     | Reached ****** piety under Beogh
 13718 | D:13     | Found a gate to the Vaults.
 13718 | D:13     | Noticed a vault guard
 13718 | D:13     | Noticed a vault guard
 13718 | D:13     | Noticed a vault guard
 13718 | D:13     | Noticed a vault guard
 13734 | D:13     | Killed a vault guard
 13736 | D:13     | Killed a vault guard
 13736 | D:13     | Reached skill level 10 in Shields
 13746 | D:13     | Killed a vault guard
 13753 | D:13     | Killed a vault guard
 14297 | D:13     | Found a bloodstained altar of Trog.
 14306 | D:13     | Noticed a seven-headed hydra
 14308 | D:13     | Reached XP level 13. HP: 87/95 MP: 20/20
 14376 | D:13     | Your ally Ognian died
 14859 | D:14     | Reached skill level 10 in Invocations
 14908 | D:14     | Got a steaming hand crossbow
 14909 | D:14     | Identified the +4 hand crossbow of Uncomfortable Rashes {penet, Str+4} (You found it on level 14 of the Dungeon)
 15005 | D:14     | Noticed Gremour's ghost (journeyman HOMo)
 15020 | D:14     | Killed Gremour's ghost
 15440 | D:14     | Found Rifuq's Book Shop.
 15469 | D:14     | Bought a book of Necromancy for 510 gold pieces
 15473 | D:14     | Learned a level 3 spell: Regeneration
 15564 | D:14     | Reached skill level 1 in Evocations
 15810 | D:14     | Reached skill level 1 in Necromancy
 15876 | D:15     | Entered Level 15 of the Dungeon
 15886 | D:15     | Identified Jaziw's Reference Book on Dusty Ice
 15960 | D:15     | Found a staircase to the Depths.
 16053 | D:15     | Found Odghodeb's Distillery.
 16067 | D:15     | Bought a potion of heal wounds for 85 gold pieces
 16067 | D:15     | Reached skill level 5 in Fighting
 16281 | D:15     | Reached skill level 1 in Spellcasting
 16605 | D:15     | Reached XP level 14. HP: 81/110 MP: 21/21
 16720 | D:15     | Found Gayl's Gadget Shoppe.
 16902 | Lair:1   | Entered Level 1 of the Lair of Beasts
 17037 | Lair:1   | Found a dark tunnel.
 17049 | Volcano  | Entered a volcano
 18254 | Lair:2   | Noticed Dandorama's ghost (journeyman MiBe)
 18261 | Lair:2   | Killed Dandorama's ghost
 20135 | Lair:4   | Found a staircase to the Snake Pit.
 20295 | Lair:4   | Found a staircase to the Swamp.
 20529 | Lair:5   | Found a staircase to the Slime Pits.
 20665 | Lair:5   | Noticed Urug
 20673 | Lair:5   | Killed Urug
 20849 | Lair:5   | Reached skill level 5 in Necromancy
 20849 | Lair:5   | Reached XP level 15. HP: 64/121 MP: 22/22
 21240 | Lair:6   | Entered Level 6 of the Lair of Beasts
 21727 | Lair:6   | Reached skill level 10 in Armour
 21878 | Lair:6   | Found a large runed door.
 21878 | Lair:6   | Found a large runed door.
 22382 | Lair:6   | Reached XP level 16. HP: 129/129 MP: 23/23
 22526 | Orc:1    | Entered Level 1 of the Orcish Mines
 22835 | Orc:2    | Entered Level 2 of the Orcish Mines
 23012 | Orc:2    | Found a staircase to the Elven Halls.
 23045 | Orc:2    | Reached skill level 5 in Evocations
 23183 | Orc:2    | Noticed Nergalle
 23189 | Orc:2    | Found a roughly hewn altar of Beogh.
 23195 | Orc:2    | Your ally died
 23205 | Orc:2    | Found Soz Vische's Jewellery Shop.
 23258 | Orc:2    | Found Minox's General Store.
 23406 | Orc:2    | Found Bocuek's Antique Armour Shop.
 23408 | Orc:2    | Found Koeblaol's Antique Weapon Shop.
 23417 | Orc:2    | Bought a crystal broad axe for 279 gold pieces
 23417 | Orc:2    | Identified the +3 broad axe "Raghupsi" {chop, Int+6} (You bought it in a shop on level 2 of the Orcish Mines)
 23426 | Orc:2    | Bought a shimmering flail for 263 gold pieces
 23426 | Orc:2    | Identified the +5 flail of Utuo {crush, Int+4} (You bought it in a shop on level 2 of the Orcish Mines)
 23955 | Snake:1  | Entered Level 1 of the Snake Pit
 24011 | Snake:1  | Reached skill level 15 in Shields
 24223 | Snake:1  | Gained Hawl as an ally
 24657 | Snake:1  | Found Vinues Rouh's Jewellery Shop.
 24718 | Snake:1  | Found Qynt's Gadget Emporium.
 24719 | Snake:1  | Found Haiklet's Jewellery Shop.
 24758 | Snake:1  | Your ally Hawl died
 25440 | Snake:3  | Found a flickering gateway to a bazaar.
 25446 | Snake:3  | Gained Boldo as an ally
 25446 | Snake:3  | Reached skill level 5 in Spellcasting
 25766 | Snake:3  | Reached skill level 10 in Fighting
 26060 | Bazaar   | Entered a bazaar
 26074 | Bazaar   | Found Tosoul's Jewellery Emporium.
 26104 | Bazaar   | Found Ror Zuo's Jewellery Boutique.
 26155 | Bazaar   | Found Mueheud's Jewellery Emporium.
 26202 | Bazaar   | Found Irigur's Jewellery Emporium.
 26262 | Bazaar   | Bought the amulet of Walotula {Faith *Drain rC+++ rN++ Int-4} for 785 gold pieces
 26435 | Snake:4  | Entered Level 4 of the Snake Pit
 26512 | Snake:4  | Found a frozen archway.
 26519 | Snake:4  | Your ally Ogrik died
 26529 | IceCv    | Entered an ice cave
 27017 | IceCv    | Gained Worak as an ally
 27114 | IceCv    | Your ally Worak died
 27249 | Snake:4  | Gained Orkwin as an ally
 27292 | Snake:4  | Your ally Boldo died
 27493 | Snake:4  | Reached XP level 17. HP: 129/143 MP: 25/25
 27971 | Snake:4  | Your ally Orkwin died
 28212 | Snake:4  | Got a serpentine rune of Zot
 28284 | Snake:4  | Found a hazy altar of Hepliaklqana.
 28345 | Snake:4  | Gained Beowulf as an ally
 28682 | Swamp:1  | Entered Level 1 of the Swamp
 30744 | Swamp:3  | Noticed Donald
 30753 | Swamp:3  | Killed Donald
 30891 | Swamp:3  | Reached XP level 18. HP: 116/155 MP: 28/28
 31177 | Swamp:3  | Noticed Kirke
 31196 | Swamp:3  | Killed Kirke
 31650 | Swamp:4  | Entered Level 4 of the Swamp
 31824 | Swamp:4  | Gained Worak as an ally
 31827 | Swamp:4  | Your ally Ognian died
 31828 | Swamp:4  | Your ally Milork died
 31837 | Swamp:4  | Your ally Ugbert died
 31882 | Swamp:4  | Your ally Worak died
 31926 | Swamp:4  | HP: 1/156 [swamp dragon (16)]
 31927 | Swamp:4  | Killed from afar by a spriggan druid

Skill      XL: |  1  2  3  4  5  6  7  8  9 10 11 12 13 14 15 16 17 18 |
---------------+-------------------------------------------------------+-----
Axes           | 5 6 8 10 11 14 16 18 | 18.7
Armour         | 3 6 8 9 10 11 | 11.1
Invocations    | 3 7 9 10 | 10.1
Shields        | 2 7 11 13 14 16 17 | 17.6
Fighting       | 6 7 8 10 12 | 12.8
Evocations     | 2 4 6 8 |  8.6
Necromancy     | 2 5 6 7 9 |  9.4
Spellcasting   | 1 3 4 5 6 7 |  7.1
Charms         | 3 |  3.1
Dodging        | |  2.4
Stealth        | |  1.5

Action                   |  1- 3 |  4- 6 |  7- 9 | 10-12 | 13-15 | 16-18 || total
-------------------------+-------+-------+-------+-------+-------+-------++-------
Melee: Hand axe          |   112 |    16 |    29 |       |       |       ||   157
       War axe           |       |   221 |   350 |   379 |   563 |    38 ||  1551
       Broad axe         |       |       |       |       |       |   909 ||   909
Throw: Tomahawk          |       |       |       |     2 |       |       ||     2
 Cast: Regeneration      |       |       |       |       |     4 |       ||     4
Invok: Convert to Beogh  |       |     1 |       |       |       |       ||     1
       Recall Orcish Fol |       |       |       |     7 |     8 |    12 ||    27
       Give Item to Name |       |       |       |     5 |       |     2 ||     7
       Smiting           |       |       |       |     1 |       |       ||     1
       Resurrection      |       |       |       |       |     1 |     1 ||     2
Evoke: Wand              |       |       |       |       |       |     1 ||     1
  Use: Scroll            |     3 |     4 |     4 |    10 |     8 |     7 ||    36
       Potion            |     1 |     2 |    10 |       |     1 |    13 ||    27
 Stab: Sleeping          |       |       |     4 |     1 |     1 |     1 ||     7
       Distracted        |       |       |     2 |    10 |     5 |    10 ||    27
  Eat: Chunk             |     2 |     8 |     7 |    17 |    23 |     9 ||    66
       Fruit             |       |     1 |       |       |       |    13 ||    14
       Meat ration       |       |       |     2 |       |       |     2 ||     4
       Bread ration      |       |       |       |     1 |     1 |       ||     2
Armor: Chain mail        |    73 |   135 |    58 |       |       |       ||   266
       Scale mail        |       |       |    81 |    71 |    51 |       ||   203
       Skin              |       |       |     8 |       |       |       ||     8
       Ring mail         |       |       |       |   100 |   152 |   468 ||   720
       Plate armour      |       |       |       |       |    35 |       ||    35
Dodge: Dodged            |    34 |    83 |   138 |   131 |   149 |   363 ||   898
Block: Other             |       |       |    30 |    10 |       |       ||    40
       Shield            |       |       |       |   278 |   462 |   960 ||  1700
